 Dungeon Crawl Stone Soup version 0.29.1-12-g30fa7ad0bf (webtiles) character file.

Game seed: 8770972935018251016

713 sweetbreads the Covert (level 7, 0/32 HPs)
             Began as a Spriggan Enchanter on Jan 12, 2023.
             Was an Initiate of Kikubaaqudgha.
             Succumbed to a water moccasin's poison
             ... on level 5 of the Dungeon on Jan 13, 2023.
             The game lasted 00:27:41 (6138 turns).

sweetbreads the Covert (Spriggan Enchanter)         Turns: 6138, Time: 00:27:42

Health: 0/32       AC:  2    Str:  4    XL:     7   Next: 41%
Magic:  8/12       EV: 19    Int: 18    God:    Kikubaaqudgha [......]
Gold:   28         SH:  0    Dex: 16    Spells: 3/12 levels left

rFire   . . .      SeeInvis +   a - +1 dagger (speed)
rCold   . . .      Faith    .   (no shield)
rNeg    . . .      Spirit   .   b - +0 robe
rPois   .          Reflect  .   (helmet restricted)
rElec   .          Harm     .   (no cloak)
rCorr   .          Rampage  .   (gloves unavailable)
Will    +....                   (boots unavailable)
Stlth   ++++......              (no amulet)
HPRegen 0.10/turn               (no ring)
MPRegen 0.13/turn               (no ring)

@: lethally poisoned (0 -> -11), attractive, very quick
A: very small, no large weapons, unfitting armour, see invisible, speed 3
a: Renounce Religion


You were on level 5 of the Dungeon.
You worshipped Kikubaaqudgha.
Kikubaaqudgha was noncommittal.
You visited 1 branch of the dungeon, and saw 6 of its levels.

You collected 222 gold pieces.
You spent 194 gold pieces at shops.

Inventory:

Hand Weapons
 a - a +1 dagger of speed (weapon)
 e - a +1 dagger
Missiles
 t - 6 atropa-tipped darts (quivered)
Armour
 b - a +0 robe (worn)
Jewellery
 h - an amulet of magic regeneration
 l - a ring of flight
 y - an amulet of faith
Wands
 q - a wand of mindburst (10)
 s - a wand of flame (12)
 v - a wand of charming (2)
Scrolls
 d - 2 scrolls of teleportation {unknown}
 i - 2 scrolls of fear {unknown}
 j - 4 scrolls of enchant armour
 m - 2 scrolls of amnesia
 r - a scroll of enchant weapon {unknown}
 u - 4 scrolls of identify {unknown}
 w - 2 scrolls of poison {unknown}
 x - a scroll of vulnerability {unknown}
 A - a scroll of summoning {unknown}
 B - a scroll of noise {unknown}
 D - a scroll of blinking
Potions
 c - 2 potions of invisibility
 f - 2 potions of attraction
 g - 2 potions of brilliance {unknown}
 k - 3 potions of degeneration {unknown}
 n - a potion of heal wounds {unknown}
 o - 2 potions of resistance {unknown}
 p - a potion of curing {unknown}
 z - a potion of flight {unknown}
 C - 2 potions of lignification {unknown}


   Skills:
 - Level 2.0 Short Blades
 * Level 5.3 Dodging
 + Level 9.3 Stealth
 - Level 3.0 Spellcasting
 + Level 5.7 Hexes
 * Level 3.5 Transmutations


You had 3 spell levels left.
You knew the following spells:

 Your Spells              Type           Power      Damage    Failure   Level
a - Ensorcelled Hibernat  Hex/Ice        26%        N/A       8%          2
b - Confusing Touch       Hex            23%        N/A       4%          3
c - Tukima's Dance        Hex            23%        N/A       4%          3
d - Sting                 Tmut/Pois      36%        1d4       8%          1

Your spell library contained the following spells:

 Spells                   Type           Power      Damage    Failure   Level
 Dazzling Flash           Conj/Hex       26%        N/A       16%         3
 Poisonous Vapours        Pois/Air       4%         N/A       24%         2
 Olgreb's Toxic Radiance  Pois           2%         N/A       85%         4


Dungeon Overview and Level Annotations

Branches:
Dungeon (6/15)
 Temple: D:4-7

Altars:
Elyvilon
Fedhas
Kikubaaqudgha
Uskayaw

Shops:
D:5 ?

Annotations:
D:3 exclusion: oklob plant, Natasha


Innate Abilities, Weirdness & Mutations

You are very small and have problems with some larger weapons.
You are too small for most types of armour.
You have supernaturally acute eyesight. (SInv)
You cover ground extremely quickly. (Speed+++)


Message History

u - 4 scrolls labelled SIUTOBOREU (gained 1)
There are no items here.
You start resting.
A water moccasin is nearby!
The water moccasin hisses angrily.
Casting: Ensorcelled Hibernation (safe; 8% risk of failure)
Confirm with . or Enter, or press ? or * to list all spells.
Aiming: Ensorcelled Hibernation (safe; 8% risk of failure)
Press: ? - help, Shift-Dir - straight line, f - water moccasin
Aim: a water moccasin (chance to affect: 47%)
The water moccasin resists with some effort.
The water moccasin bites you.
You are poisoned.
The water moccasin poisons you!
Casting: Ensorcelled Hibernation (safe; 8% risk of failure)
Confirm with . or Enter, or press ? or * to list all spells.
Aiming: Ensorcelled Hibernation (safe; 8% risk of failure)
Press: ? - help, Shift-Dir - straight line, f/p - water moccasin
Aim: a water moccasin (chance to affect: 47%)
The water moccasin resists with some effort.
You feel very sick.
The water moccasin bites you but does no damage.
The water moccasin bites you.
You are lethally poisoned!
The water moccasin poisons you!
You feel very sick.
You feel very sick.
A worm comes into view.
* * * LOW HITPOINT WARNING * * *
You feel very sick.
* * * LOW HITPOINT WARNING * * *
You feel sick.
* * * LOW HITPOINT WARNING * * *
You feel sick.
* * * LOW HITPOINT WARNING * * *
You feel sick.
It was a potion of attraction.
You feel attractive to monsters.
You die...
Kikubaaqudgha rasps: "You have failed me!
Welcome... death!"

## .#..≈≈§§.....##...# .#
.#....).≈≈§§...†.#...## ..
<...##..≈≈≈≈≈≈§.......# .
......≈≈§≈≈≈≈....#..##.#
#......§§......##...#.# .
#......§......###....# ..
#....#....#..## ##...#... #..
##..###..##...###.........
#.#..#...##.....@.S##..#.......
..#......#....###......##......
#.....#......###...#..####...####
...##...>.....#....#..........#.#
.# ##.#.......w..##..............
.# #..#......#.....#.###.........
####..###....###..##.###.........
###...#.#.#####....#..# #........
......>...# ###.......#####.#..#.


You could see a water moccasin.

Vanquished Creatures
  An ice beast (D:5)
  A centaur (D:5)
  A phantom (D:5)
  A scorpion (D:5)
  A howler monkey (D:5)
  3 hounds
  2 jellies
  An orc priest (D:3)
  2 iguanas
  Natasha (D:3)
  2 gnolls (D:5)
  4 adders
  A worm (D:4)
  A dart slug (D:3)
  7 orcs
  A bat (D:1)
  7 endoplasms
  2 giant cockroaches (D:1)
  2 hobgoblins (D:1)
  3 quokkas
  9 ball pythons
  5 frilled lizards
  8 goblins
  7 kobolds
  5 rats
78 creatures vanquished.

Notes
Turn   | Place    | Note
-------+----------+-------------------------------------------
     0 | D:1      | sweetbreads the Spriggan Enchanter began the quest for the
                  | Orb.
     0 | D:1      | Reached XP level 1. HP: 9/9 MP: 5/5
   257 | D:2      | Reached XP level 2. HP: 13/13 MP: 6/6
  1141 | D:1      | Learned a level 2 spell: Ensorcelled Hibernation
  1428 | D:2      | Reached XP level 3. HP: 16/16 MP: 3/8
  1432 | D:2      | Learned a level 3 spell: Confusing Touch
  1436 | D:2      | Learned a level 3 spell: Tukima's Dance
  1519 | D:1      | Reached skill level 5 in Stealth
  1836 | D:2      | Found a faded altar of an unknown god.
  1902 | D:2      | Identified the +9 dagger of Qaygalu {vorpal, +Blink rN++}
  2233 | D:2      | Identified the +0 pair of gloves of the Gastropod {Int+4
                  | Dex+4}
  2336 | D:3      | Reached XP level 4. HP: 21/21 MP: 6/9
  2765 | D:2      | Reached skill level 6 in Stealth
  3344 | D:3      | Noticed Natasha
  3352 | D:3      | Killed Natasha
  3353 | D:3      | Reached skill level 1 in Transmutations
  3353 | D:3      | Reached XP level 5. HP: 24/24 MP: 10/10
  3367 | D:3      | Found a blossoming altar of Fedhas.
  3380 | D:3      | Noticed an oklob plant
  3478 | D:3      | Found an ancient bone altar of Kikubaaqudgha.
  3488 | D:3      | Became a worshipper of Kikubaaqudgha
  3646 | D:3      | Noticed Natasha
  4505 | D:4      | Reached skill level 7 in Stealth
  4968 | D:3      | Reached XP level 6. HP: 28/28 MP: 2/11
  5246 | D:5      | Entered Level 5 of the Dungeon
  5251 | D:5      | Reached skill level 5 in Hexes
  5358 | D:5      | Reached skill level 8 in Stealth
  5380 | D:5      | Reached skill level 5 in Dodging
  5431 | D:5      | Noticed an ice beast
  5439 | D:5      | Reached XP level 7. HP: 32/32 MP: 12/12
  5478 | D:5      | Found Dorhon's Magic Scroll Boutique.
  5487 | D:5      | Reached skill level 9 in Stealth
  5493 | D:5      | Bought a scroll of enchant armour for 97 gold pieces
  5493 | D:5      | Bought a scroll of blinking for 97 gold pieces
  5501 | D:5      | Learned a level 1 spell: Sting
  5576 | D:6      | Found a hide-covered altar of Uskayaw.
  6086 | D:5      | Found a white marble altar of Elyvilon.
  6138 | D:5      | Succumbed to a water moccasin's poison

Illustrated notes

Levels and vault maps discovered:
D:1:      amcnicky_arrival_feature_with_door, layout_loops_corners
D:2:      layout_loops_cross, hellmonk_ecumenical_altar_lost_god,
          nicolae_underground_beach
D:3:      layout_basic, mainiacjoe_overflow_catwalk, tgw_fedhas,
          minmay_misc_feat_enclosed, uniq_natasha
D:4:      layout_rooms, nicolae_kite_square_tiling_tiny
D:5:      layout_cave_pools, nicolae_wu_jian_wuxing_cycle,
          mainiacjoe_overflow_chevrons, serial_shops, shop
D:6:      layout_rooms, overflow_temple_1_default, mainiacjoe_overflow_brackets,
          zin_purify, minmay_temple_entry_statues_pillars, minmay_joined_circles

Skill      XL: |  1  2  3  4  5  6  7 |
---------------+----------------------+-----
Dodging        | 3 4 5 |  5.3
Hexes          | 4 5 |  5.7
Spellcasting   | 3 |  3.0
Stealth        | 5 6 7 8 9 |  9.3
Short Blades   | 2 |  2.0
Transmutations | 1 2 3 |  3.5

Action                   |  1- 3 |  4- 6 |  7- 9 || total
-------------------------+-------+-------+-------++-------
Melee: Dagger            |   109 |    68 |     8 ||   185
       Punch             |       |     1 |       ||     1
 Cast: Ensorcelled Hiber |     3 |    40 |    13 ||    56
       Confusing Touch   |       |     1 |       ||     1
  Use: Scroll            |       |       |     1 ||     1
       Potion            |       |       |     1 ||     1
 Stab: Sleeping          |    15 |    26 |     6 ||    47
       Confused          |       |     1 |       ||     1
Armor: Robe              |     4 |     4 |     1 ||     9
Dodge: Dodged            |    39 |    50 |    16 ||   105
